 Dungeon Crawl Stone Soup version 0.29.0-4-gdea44cf6ec (webtiles) character file.

Game seed: 18269495408993194176

82 qw the Ruffian (level 4, -6/44 HPs)
             Began as a Troll Cinder Acolyte on Aug 30, 2022.
             Was a High Priest of Ignis.
             Mangled by an orc wizard
             ... wielding a +2 dagger of electrocution
              (13 damage)
             ... on level 3 of the Dungeon.
             The game lasted 00:00:45 (1919 turns).

qw the Ruffian (Troll Cinder Acolyte)               Turns: 1919, Time: 00:00:45

Health: -6/44      AC:  4    Str: 30    XL:     4   Next: 21%
Magic:  4/4        EV:  9    Int: 10    God:    Ignis [*****.]
Gold:   38         SH:  0    Dex:  5    Spells: 5/5 levels left

rFire   + . .      SeeInvis .     - Unarmed
rCold   . . .      Faith    .   (no shield)
rNeg    . . .      Spirit   .   a - +0 robe
rPois   .          Reflect  .   (helmet restricted)
rElec   .          Harm     .   (no cloak)
rCorr   .          Rampage  .   (gloves unavailable)
Will    .....                   (boots unavailable)
Stlth   +.........              (no amulet)
HPRegen 0.94/turn               i - +6 ring of strength
MPRegen 0.09/turn               (no ring)

@: confused
A: large, unfitting armour, claws 3, regeneration 1, shaggy fur 1, tough skin 1
a: Renounce Religion, Fiery Armour, Foxfire Swarm, Rising Flame


You were on level 3 of the Dungeon.
You worshipped Ignis.
Ignis was extremely pleased with you.
You visited 1 branch of the dungeon, and saw 3 of its levels.

You collected 38 gold pieces.


Innate Abilities, Weirdness & Mutations

You are too large for most types of armour.
You have claws for hands.
Your natural rate of healing is unusually fast.
You are covered in fur. (AC +1)
You have tough skin. (AC +1)


   Skills:
 - Level 2.4 Fighting
 + Level 5.1 Unarmed Combat
 - Level 1.0 Spellcasting
 - Level 2.1 Fire Magic


You had 5 spell levels left.
You didn't know any spells.
Your spell library contained the following spells:

 Spells                   Type           Power      Damage    Failure   Level
 Scorch                   Fire           8%         2d5       22%         2

Inventory:

Missiles
 b - 6 boomerangs (quivered)
Armour
 a - a +0 robe (worn)
Jewellery
 i - a +6 ring of strength (left claw)
Scrolls
 c - a scroll of identify
Potions
 d - a potion of haste
 e - a potion of brilliance {unknown}
 f - a potion of mutation {unknown}
 g - a potion of cancellation {unknown}
 j - a potion of attraction {unknown}

Dungeon Overview and Level Annotations

Branches:
Dungeon (3/15)

Altars:
Ru


Message History

The orc wizard hits you with a +2 dagger of electrocution.
You are electrocuted!
You barely miss the orc wizard. You barely miss the orc wizard.
The orc wizard points at you and mumbles some strange words.
You are confused.
The goblin barely misses you.
You hear a shout!
You bump into the rock wall.
You hear a shout! x2
The orc wizard closely misses you. The goblin hits you with a +0 club.
You're too confused to move!
The orc wizard casts a spell at you. You resist with some effort.
The goblin hits you but does no damage.
You hear a shout!
You're too confused to move!
The orc wizard casts a spell at you. The puff of flame misses you.
The goblin misses you.
You bump into the rock wall.
The orc wizard gestures wildly while chanting.
The orc wizard flickers and vanishes!
Deactivating autopickup; reactivate with Ctrl-A.
The goblin hits you with a +0 club.
You miss something.
You hear some strange, mumbled words.
You are more confused.
The goblin hits you with a +0 club. Something hits you.
An orc comes into view. It is wielding a +0 hand axe.
The orc shouts!
The goblin hits you but does no damage.
You mangle the goblin!!
You kill the goblin!
Something hits you but does no damage.
You are electrocuted!!
You bump into the rock wall.
Something hits you but does no damage.
An orc priest comes into view. It is wielding a +0 mace.
The orc priest shouts!
You hear a shout!
Something hits you.
You are electrocuted!
You die...

#... #.... #...# .....
###########.[.# ....
............... ...
.............# #o#
#............ #..##
#.........#..
#.@####.........+..
......#{..##......%..#..
..o.. ###.##............
.... #...............
+#+ ###.........#.#.
#.........#.#.
#..#####.##.## ##.#
..##.## #.. ..###.##


You could see an orc priest and an orc.

Vanquished Creatures
  Terence (D:2)
  2 adders
  A dart slug (D:1)
  7 bats
  4 endoplasms
  2 giant cockroaches (D:1)
  2 goblins
  2 hobgoblins
  3 jackals (D:1)
  A quokka (D:1)
  4 ball pythons
  2 frilled lizards
  3 kobolds (D:1)
  A rat (D:1)
35 creatures vanquished.

Notes
Turn   | Place    | Note
-------+----------+-------------------------------------------
     0 | D:1      | qw the Troll Cinder Acolyte began the quest for the Orb.
     0 | D:1      | Reached XP level 1. HP: 22/22 MP: 1/1
     0 | D:1      | 0 ||| qw: Version: 0.1-a-95-gae9e614
     0 | D:1      | 0 ||| qw: Game counter: 4446
     0 | D:1      | 0 ||| qw: Always use a shield: true
     0 | D:1      | 0 ||| qw: God list: Okawaru
     0 | D:1      | 0 ||| qw: Allow faded altars: false
     0 | D:1      | 0 ||| qw: Do Orc after D:15 true
     0 | D:1      | 0 ||| qw: Do second Lair branch before Depths: true
     0 | D:1      | 0 ||| qw: Lair rune preference: random
     0 | D:1      | 0 ||| qw: Plans: Normal
     0 | D:1      | 0 ||| PLANNING D:1-11
   232 | D:1      | 232 ||| Stepping ~*~*~tactically~*~*~ (stealth).
   241 | D:1      | Reached XP level 2. HP: 29/29 MP: 2/2
   502 | D:1      | 502 ||| Stepping ~*~*~tactically~*~*~ (hiding).
   530 | D:1      | 530 ||| Stepping ~*~*~tactically~*~*~ (stealth).
   531 | D:1      | 531 ||| Stepping ~*~*~tactically~*~*~ (stealth).
   532 | D:1      | 532 ||| Stepping ~*~*~tactically~*~*~ (stealth).
   536 | D:1      | Reached skill level 4 in Unarmed Combat
   541 | D:1      | 541 ||| Stepping ~*~*~tactically~*~*~ (stealth).
   885 | D:1      | 885 ||| READING 2 scrolls labelled BIYSEU ATZAW.
   886 | D:1      | 886 ||| READING scroll labelled IHAITO VUTSUTY.
   887 | D:1      | 887 ||| READING scroll labelled BIPLOGOSEU.
   988 | D:1      | 988 ||| READING 2 scrolls labelled EFEDOCK MOBELAAM.
   989 | D:1      | 989 ||| DRINKING 2 amethyst potions.
   990 | D:1      | 990 ||| DROPPING potion of flight.
   991 | D:1      | 991 ||| DROPPING scroll of vulnerability.
  1104 | D:2      | Reached XP level 3. HP: 36/36 MP: 3/3
  1132 | D:2      | Found a sacrificial altar of Ru.
  1234 | D:2      | Noticed Terence
  1246 | D:2      | Killed Terence
  1466 | D:2      | Reached XP level 4. HP: 34/44 MP: 4/4
  1531 | D:2      | Found a faded altar of an unknown god.
  1794 | D:2      | 1794 ||| UPGRADING to +6 ring of strength.
  1795 | D:2      | 1795 ||| READING scroll labelled BEOT ROWNYE.
  1796 | D:2      | 1796 ||| READING scroll labelled QAORUS WUFE.
  1797 | D:2      | 1797 ||| DRINKING 2 bubbling emerald potions.
  1818 | D:2      | 1818 ||| READING 2 scrolls of identify.
  1818 | D:2      | 1818 ||| IDENTIFYING metallic yellow potion
  1819 | D:2      | 1819 ||| DROPPING potion of lignification.
  1883 | D:3      | Reached skill level 5 in Unarmed Combat
  1917 | D:3      | HP: 8/44 [something (19)]
  1919 | D:3      | Mangled by an orc wizard

Levels and vault maps discovered:
D:1:      mrwooster_arrival_statue_3, layout_basic
D:2:      layout_loops_ring, shapermc_ecumenical_altar_hornbeckon, basic_altar,
          uniq_terence
D:3:      layout_basic, kennysheep_generic_room_6

Skill      XL: |  1  2  3  4 |
---------------+-------------+-----
Unarmed Combat | 4 5 |  5.1
Fighting       | |  2.4
Spellcasting   | |  1.0
Fire Magic     | |  2.1

Action                   |  1- 3 |  4- 6 || total
-------------------------+-------+-------++-------
Melee: Unarmed           |    70 |    10 ||    80
       Punch             |     5 |       ||     5
Throw: Boomerang         |    31 |     8 ||    39
  Use: Scroll            |     4 |     3 ||     7
       Potion            |     1 |     1 ||     2
Armor: Robe              |    28 |     5 ||    33
Dodge: Dodged            |    52 |     6 ||    58

Table legend:
 A = Non-vault XP
 B = Vault XP
 C = Vault XP percentage of total XP
 D = Non-vault monster count
 E = Vault monster count
 F = Vault count percentage of total count
                 A         B        C        D         E       F
            +---------+---------+-------+---------+---------+-------
      Total |      82 |      36 |  30.5 |      34 |       1 |   2.9
            +---------+---------+-------+---------+---------+-------
        D:1 |      38 |       0 |   0.0 |      22 |       0 |   0.0
        D:2 |      25 |      36 |  59.0 |       8 |       1 |  11.1
        D:3 |      19 |       0 |   0.0 |       4 |       0 |   0.0
            +---------+---------+-------+---------+---------+-------
